 Dungeon Crawl Stone Soup version 0.30.1-11-g7821555f0a (webtiles) character file.

Game seed: 9551858525246286331

65877 eliilek the Fencer (level 14, -14/207 HPs)
             Began as a Minotaur Fighter on Dec 24, 2023.
             Was an Elder of Ru.
             Succumbed to poison (poison gas)
             ... on level 2 of the Lair of Beasts on Dec 25, 2023.
             The game lasted 01:05:50 (20924 turns).

eliilek the Fencer (Minotaur Fighter)              Turns: 20924, Time: 01:05:51

Health: -14/207    AC: 29    Str: 26    XL:     14   Next: 77%
Magic:  13/13      EV: 12    Int:  5    God:    Ru [****..]
Gold:   992        SH: 12    Dex: 13    Spells: 13/13 levels left

rFire   . . .        a - +5 falchion "Riqexzo" {flame, rC+ Str+3}
rCold   + + .        c - +0 buckler
rNeg    . . .        Y - +6 chain mail {rC+}
rPois   .            o - +1 hat {Stlth+}
rElec   .            n - +0 cloak
rCorr   +            j - +0 pair of gloves
SInv    .            F - +0 pair of boots
Will    +....        x - amulet of reflection Stlth
                     N - ring of resist corrosion
HPRegen 0.54/turn    M - +4 ring of protection
MPRegen 0.13/turn

%: reflection
@: berserking, lethally poisoned (-14 -> -110), very quick
A: horns 2, inability to read after injury 2, hated by all, no earth magic, no
hexes magic, no translocations magic, retaliatory headbutt
a: Renounce Religion, Draw Out Power, Power Leap


You were on level 2 of the Lair of Beasts.
You worshipped Ru.
Ru was greatly pleased with you.
You visited 4 branches of the dungeon, and saw 20 of its levels.

You collected 1414 gold pieces.
You spent 422 gold pieces at shops.

Inventory:

Hand Weapons
 a - the +5 falchion "Riqexzo" (weapon) {flame, rC+ Str+3}
   (You found it on level 13 of the Dungeon)

   Str:       It affects your strength (+3).
   rC:        It protects you from cold.
Missiles
 b - 28 poisoned darts
 O - 4 throwing nets
 W - 10 curare-tipped darts
Armour
 c - a +0 buckler (worn)
 j - a +0 pair of gloves (worn)
 n - a +0 cloak (worn)
 o - a +1 hat of stealth (worn)
 F - a +0 pair of boots (worn)
 Y - a +6 chain mail of cold resistance (worn)
Jewellery
 i - a ring of see invisible
 l - a ring of positive energy
 x - an amulet of reflection (around neck)
 M - a +4 ring of protection (right hand)
 N - a ring of resist corrosion (left hand)
Wands
 K - a wand of roots (14)
 Q - a wand of flame (14)
 R - a wand of mindburst (14)
 V - a wand of quicksilver (7)
 Z - a wand of paralysis (18)
Scrolls
 g - 2 scrolls of fog
 u - 4 scrolls of magic mapping
 v - 5 scrolls of blinking
 w - 4 scrolls of teleportation
 z - 3 scrolls of enchant weapon {unknown}
 A - a scroll of torment {unknown}
 E - 2 scrolls of immolation {unknown}
 G - 2 scrolls of summoning {unknown}
 I - 4 scrolls of silence
 L - 3 scrolls of amnesia {unknown}
 U - 3 scrolls of fear {unknown}
 X - 3 scrolls of brand weapon {unknown}
Potions
 e - 2 potions of berserk rage
 f - 2 potions of invisibility
 h - a potion of resistance
 k - a potion of experience {unknown}
 m - 2 potions of mutation {unknown}
 p - a potion of attraction {unknown}
 q - 7 potions of curing
 r - 6 potions of flight
 s - 2 potions of haste
 t - 4 potions of ambrosia
 B - 2 potions of magic {unknown}
 J - 4 potions of heal wounds
 P - 2 potions of cancellation {unknown}
 S - 2 potions of lignification {unknown}


   Skills:
 + Level 16.7 Fighting
 + Level 17.0 Long Blades
 - Level 2.4 Maces & Flails
 + Level 15.4 Armour
 - Level 8.0 Dodging
 + Level 12.3 Shields


You had 13 spell levels left.
You didn't know any spells.
Your spell library contained the following spells:

 Spells                   Type           Power      Damage    Failure   Level
 Necrotise                Necr           0%         1d4       88%         1
 Poisonous Vapours        Pois/Air       0%         N/A       95%         2
 Sublimation of Blood     Necr           0%         N/A       95%         2
 Hailstorm                Conj/Ice       0%         3d3       99%         3
 Mephitic Cloud           Conj/Pois/Air  0%         N/A       99%         3
 Vampiric Draining        Necr           0%         2d6       99%         3
 Ice Form                 Ice/Tmut       0%         N/A       100%        4
 Agony                    Necr           0%         N/A       100%        5
 Alistair's Intoxication  Tmut/Pois      0%         N/A       100%        5
 Blade Hands              Tmut           0%         N/A       100%        5
 Freezing Cloud           Conj/Ice/Air   0%         6-21      100%        5
 Irradiate                Conj/Tmut      0%         3d11      100%        5
 Eringya's Noxious Bog    Tmut/Pois      0%         N/A       100%        6
 Call Canine Familiar     Summ           Unusable   N/A       N/A         3
 Portal Projectile        Hex/Tloc       Unusable   N/A       N/A         3
 Animate Armour           Summ/Erth      Unusable   N/A       N/A         4
 Leda's Liquefaction      Hex/Erth       Unusable   N/A       N/A         4
 Petrify                  Tmut/Erth      Unusable   N/A       N/A         4
 Borgnjor's Vile Clutch   Necr/Erth      Unusable   N/A       N/A         5
 Iron Shot                Conj/Erth      Unusable   9d1       N/A         6
 Simulacrum               Ice/Necr       Unusable   N/A       N/A         6

Dungeon Overview and Level Annotations

Branches:
Dungeon (14/15)            Temple (1/1) D:5            Lair (4/5) D:11
  Swamp (1/4) Lair:2       Spider (0/4) Lair:3        Slime (0/5) Lair:4
    Orc (0/2) D:12         Vaults (0/5) D:13

Altars:
Ashenzari
Cheibriados
Dithmenos
Nemelex Xobeh
Okawaru
Qazlal
Ru
Trog
Uskayaw
Vehumet
Xom
Zin
The Shining One

Shops:
D:1 =   D:6 *   D:9 *

Annotations:
D:12 3 runed translucent doors, anacleto's ghost, journeyman TrGl


Innate Abilities, Weirdness & Mutations

You have a pair of horns on your head.
You sometimes lose the ability to read scrolls when taking damage.
You are hated by all.
You cannot study or cast Earth magic.
You cannot study or cast Hexes magic.
You cannot study or cast Translocations magic.
You reflexively headbutt those who attack you in melee.


Message History

You hack one of the four-headed hydra's heads off!
The flame cauterises the wound!
You hit the three-headed hydra. You burn the three-headed hydra.
You headbutt the three-headed hydra.
The three-headed hydra is moderately wounded.
You are engulfed in poison gas.
You are lethally poisoned!
* * * LOW HITPOINT WARNING * * *
You feel extremely sick.
The three-headed hydra is stunned by your conviction and fails to attack.
You lop one of the three-headed hydra's heads off!
The flame cauterises the wound!
You slash the two-headed hydra! You burn the two-headed hydra.
The two-headed hydra is heavily wounded.
You are engulfed in poison gas.
You are more poisoned.
* * * LOW HITPOINT WARNING * * *
x2 You feel extremely sick.
The two-headed hydra bites you!
* * * LOW HITPOINT WARNING * * *
The two-headed hydra bites you.
* * * LOW HITPOINT WARNING * * *
You chop one of the two-headed hydra's heads off!
The flame cauterises the wound!
You slash the one-headed hydra! You burn the one-headed hydra.
You headbutt the one-headed hydra!
The one-headed hydra is almost dead.
You are engulfed in poison gas.
You are more poisoned.
* * * LOW HITPOINT WARNING * * *
x2 You feel extremely sick.
You are too berserk!
You chop the one-headed hydra's last head off!
You kill the one-headed hydra!
You are engulfed in poison gas.
You are more poisoned.
* * * LOW HITPOINT WARNING * * *
x2 You feel extremely sick.
Your Long Blades skill increases to level 17!
You are too berserk!
You are too berserk!
You die...

##.......#..♣♣~♣.~♣♣###.........
#.<........♣♣♣..≈♣♣.##.P....P..
#..........♣♣≈♣.≈♣♣........P..P
#..........♣♣~..~♣♣.##.#..P~~.~
#..........♣♣≈♣.≈♣♣#####.♣~~.~~
#.......#..♣♣≈..~♣ ##<.~~♣~≈
#........#.♣♣§.§~♣♣♣# #..♣~~~~≈
##.....#...♣♣§§§♣♣♣P###...P~~.~
####..#..P....♣§@§°♣...##....P.~~
......#.......♣§°○°♣.............
..............♣§§°○♣............#
..............♣♣♣♣♣♣...##.......#
........†..###.♣ ♣...###........
.######.#.## ### ###.# #.......#
## ##### ### ####.##.# ######


There were no monsters in sight!

Vanquished Creatures
  A tentacled monstrosity (D:13)
  Frances (D:12)
  An ironbound preserver (D:13)
  A dire elephant (Lair:4)
  Fannar (Lair:1)
  7 hydras
  A catoblepas (D:11)
  The ghost of Pata the Severer, a journeyman FoFi of Okawaru (D:11)
  3 boulder beetles
  A centaur warrior (D:13)
  9 death yaks
  3 two-headed ogres
  Urug (Lair:1)
  Sonja (D:10)
  2 tengu warriors (D:13)
  4 skeletal warriors (D:12)
  A goliath frog (Swamp:1)
  2 swamp dragons
  3 bog bodies
  The ghost of Barill the Changer, a novice DsWn of Ashenzari (D:7)
  7 ugly things
  3 manticores
  5 cyclopes (D:13)
  Joseph (D:7)
  4 black mambas
  17 elephants (Lair:4)
  A torpor snail (Lair:1)
  A gargoyle (D:10)
  11 cane toads
  Maggie (D:10)
  2 rime drakes
  An unseen horror (D:11)
  6 komodo dragons
  5 trolls
  A tyrant leech (Lair:2)
  2 polar bears
  11 blink frogs
  4 hornets
  2 vampires
  4 shadows
  2 wyverns (D:10)
  3 slime creatures (D:13)
  19 yaks
  A spriggan (Lair:4)
  3 basilisks
  Grum (D:10)
  4 vampire mosquitoes (Lair:2)
  2 chaos spawn (D:13)
  5 small abominations (D:13)
  5 swamp worms
  3 acid dragons
  6 water moccasins
  2 large abominations (D:13)
  Duvessa (D:7)
  A sky beast (D:3)
  4 ice beasts
  8 orc warriors
  11 wolves
  An ogre (D:5)
  6 centaurs
  2 phantoms
  5 bullfrogs
  4 kobold brigands
  3 gnoll sergeants
  A scorpion (D:5)
  3 wights (D:9)
  Dowan (D:7)
  7 killer bees
  11 howler monkeys
  5 electric eels
  3 hounds
  2 jellies (D:7)
  3 gnoll boudas
  8 orc priests
  2 sleepcaps
  Natasha (thrice) (D:3)
  Terence (D:3)
  2 iguanas
  15 orc wizards
  27 gnolls
  5 adders
  A shadow imp (D:6)
  2 white imps
  An ufetubus (D:7)
  2 worms (D:2)
  5 dart slugs
  43 orcs
  5 endoplasms
  4 giant cockroaches
  8 goblins
  10 hobgoblins
  14 jackals
  13 kobolds
  4 quokkas
  5 ball pythons
  6 bats
  2 frilled lizards
  4 rats
464 creatures vanquished.

Vanquished Creatures (others)
  A hydra (Lair:4)
  A komodo dragon (Lair:2)
  A shadow (D:13)
  An orc (D:12)
  A kobold (D:10)
5 creatures vanquished.

Grand Total: 469 creatures vanquished

Notes
Turn   | Place    | Note
-------+----------+-------------------------------------------
     0 | D:1      | eliilek the Minotaur Fighter began the quest for the Orb.
     0 | D:1      | Reached XP level 1. HP: 19/19 MP: 0/0
   121 | D:1      | Reached XP level 2. HP: 27/27 MP: 1/1
   234 | D:1      | Reached skill level 1 in Dodging
   607 | D:1      | Reached XP level 3. HP: 33/33 MP: 2/2
   615 | D:1      | Found Xepriu's Jewellery Emporium.
   940 | D:2      | Found a sparkling altar of Nemelex Xobeh.
  1137 | D:2      | Reached XP level 4. HP: 40/40 MP: 3/3
  1537 | D:3      | Noticed Terence
  1545 | D:3      | Killed Terence
  1637 | D:3      | Reached skill level 5 in Armour
  1681 | D:3      | Noticed Natasha
  1687 | D:3      | Killed Natasha
  1879 | D:3      | Reached XP level 5. HP: 47/47 MP: 4/4
  1958 | D:3      | Noticed Natasha
  1967 | D:3      | Killed Natasha
  2025 | D:3      | Noticed Natasha
  2038 | D:3      | Killed Natasha
  2691 | D:4      | Reached XP level 6. HP: 55/55 MP: 5/5
  2696 | D:4      | Reached skill level 5 in Fighting
  2725 | D:4      | Found a radiant altar of Vehumet.
  2755 | D:4      | Reached skill level 5 in Shields
  2978 | D:4      | Noticed a sky beast
  3028 | D:3      | Killed a sky beast
  3032 | D:4      | Reached XP level 7. HP: 61/61 MP: 6/6
  3559 | D:5      | Entered Level 5 of the Dungeon
  3843 | D:5      | Found a staircase to the Ecumenical Temple.
  3888 | Temple   | Entered the Ecumenical Temple
  3910 | Temple   | Became a worshipper of Ru the Awakened
  4180 | D:5      | Reached XP level 8. HP: 70/70 MP: 7/7
  4478 | D:6      | Found a shadowy altar of Dithmenos.
  4915 | D:6      | Gained mutation: You occasionally lose the ability to read
                  | scrolls when taking damage. [Ru sacrifice]
  4915 | D:6      | Gained mutation: You sometimes lose the ability to read
                  | scrolls when taking damage. [Ru sacrifice]
  4915 | D:6      | Reached * piety under Ru
  4947 | D:6      | Found Ahoaneha's General Store.
  4955 | D:6      | Identified the +1 long sword "Ykuf Pye" {freeze, *Rage
                  | Fragile rElec rN+++}
  4960 | D:6      | Noticed a two-headed ogre
  4975 | D:6      | Killed a two-headed ogre
  4976 | D:6      | Reached skill level 3 in Long Blades
  5304 | D:7      | Found a sparkling altar of Nemelex Xobeh.
  5311 | D:7      | Found a glowing golden altar of the Shining One.
  5354 | D:7      | Noticed Joseph
  5361 | D:7      | Killed Joseph
  5362 | D:7      | Reached skill level 4 in Long Blades
  5362 | D:7      | Reached skill level 5 in Dodging
  5362 | D:7      | Reached XP level 9. HP: 80/80 MP: 8/8
  5499 | D:6      | Bought a potion of haste for 130 gold pieces
  5499 | D:6      | Bought a scroll of enchant armour for 97 gold pieces
  5522 | D:7      | Reached skill level 5 in Long Blades
  5724 | D:7      | Noticed Duvessa
  5725 | D:7      | Noticed Dowan
  5732 | D:7      | Killed Dowan
  5744 | D:7      | Killed Duvessa
  5745 | D:7      | Reached skill level 6 in Long Blades
  5935 | D:7      | Noticed Barill's ghost (novice DsWn)
  5941 | D:7      | Found a transporter.
  5945 | D:7      | Found a transporter.
  6130 | D:7      | Reached skill level 10 in Armour
  6136 | D:7      | Reached skill level 7 in Long Blades
  6441 | D:7      | Killed Barill's ghost
  6442 | D:7      | Reached XP level 10. HP: 90/90 MP: 9/9
  6678 | D:8      | Reached skill level 8 in Long Blades
  7505 | D:9      | Found Aracudymm's General Store.
  7527 | D:9      | Bought a scroll of silence for 161 gold pieces
  7527 | D:9      | Bought a scroll of identify for 34 gold pieces
  7551 | D:9      | Gained mutation: You are hated by all. [Ru sacrifice]
  7551 | D:9      | Reached ** piety under Ru
  7551 | D:9      | Reached *** piety under Ru
  7568 | D:9      | Identified the +0 ring mail "Ruve" {Harm +Inv Str+3 Slay+3}
  7575 | D:9      | Found a transporter.
  7585 | D:9      | Found a transporter.
  7592 | D:9      | Found a transporter.
  7605 | D:9      | Found a transporter.
  7735 | D:9      | Found a transporter.
  7736 | D:9      | Found a transporter.
  7965 | D:9      | Reached skill level 9 in Long Blades
  8424 | D:10     | Entered Level 10 of the Dungeon
  8434 | D:10     | Identified the +0 leather armour of Cowardice {Rampage
                  | rElec rC+}
  8439 | D:10     | Identified the amulet "Nuint" {RegenMP Int+4}
  8450 | D:10     | Noticed Maggie
  8511 | D:10     | Killed Maggie
  8672 | D:10     | Noticed a gargoyle
  8692 | D:10     | Noticed Grum
  8694 | D:10     | Killed a gargoyle
  8695 | D:10     | Reached skill level 10 in Long Blades
  8710 | D:10     | Reached skill level 10 in Fighting
  8714 | D:10     | Killed Grum
  8758 | D:10     | Reached XP level 11. HP: 68/99 MP: 10/10
  8874 | D:10     | Noticed a seven-headed hydra
  8882 | D:10     | Noticed a cyan ugly thing
  8893 | D:10     | Killed a cyan ugly thing
  8931 | D:10     | Found the Hermit's Pendant {Faith Invo=14 Evo=0 MP+5}
  9023 | D:10     | Killed a 12-headed hydra
  9024 | D:10     | Reached skill level 11 in Long Blades
  9026 | D:10     | Noticed a two-headed ogre
  9040 | D:10     | Killed a two-headed ogre
  9523 | D:10     | Noticed Sonja
  9540 | D:10     | Killed Sonja
  9726 | D:11     | Found a runed translucent gate.
  9726 | D:11     | Found a runed translucent gate.
  9726 | D:11     | Found a runed translucent gate.
  9815 | D:11     | Found a staircase to the Lair.
  9816 | D:11     | Gained mutation: You cannot study or cast Earth magic. [Ru
                  | sacrifice]
  9816 | D:11     | Gained mutation: You cannot study or cast Hexes magic. [Ru
                  | sacrifice]
  9816 | D:11     | Gained mutation: You cannot study or cast Translocations
                  | magic. [Ru sacrifice]
  9816 | D:11     | Reached **** piety under Ru
  9987 | D:11     | Identified the +0 hand axe "Imp's Undoing" {drain, rElec
                  | SInv}
 10034 | D:11     | Reached skill level 12 in Long Blades
 10215 | D:11     | Noticed a boulder beetle
 10230 | D:11     | Killed a boulder beetle
 10304 | D:11     | Noticed Pata's ghost (journeyman FoFi)
 10438 | D:11     | Noticed a catoblepas
 10448 | D:11     | Killed a catoblepas
 10739 | D:11     | Reached skill level 13 in Long Blades
 10744 | D:11     | Killed Pata's ghost
 10809 | Lair:1   | Entered Level 1 of the Lair of Beasts
 10870 | Lair:1   | Noticed Fannar
 10879 | Lair:1   | Reached XP level 12. HP: 112/112 MP: 11/11
 10893 | Lair:1   | Killed Fannar
 11029 | Lair:1   | Reached skill level 14 in Long Blades
 11211 | Lair:1   | Noticed a death yak
 11211 | Lair:1   | Noticed a death yak
 11231 | Lair:1   | Killed a death yak
 11238 | Lair:1   | Killed a death yak
 11525 | Lair:1   | Noticed Urug
 11547 | Lair:1   | Killed Urug
 11682 | Lair:1   | Identified the +0 robe of the Eight of Wands {Dex+4}
 12453 | Lair:2   | Found a staircase to the Swamp.
 13472 | Lair:3   | Reached XP level 13. HP: 110/125 MP: 12/12
 14020 | Lair:3   | Reached skill level 15 in Long Blades
 14221 | Lair:3   | You fall into a shaft and drop 1 floor!
 14317 | Lair:4   | Noticed a dire elephant
 14344 | Lair:4   | Killed a dire elephant
 14457 | Lair:4   | Reached skill level 15 in Fighting
 14713 | Lair:4   | Found a staircase to the Slime Pits.
 14751 | Lair:4   | Reached skill level 10 in Shields
 15112 | Lair:3   | Found a hole to the Spider Nest.
 16173 | D:12     | Found a runed translucent gate.
 16215 | D:12     | Reached XP level 14. HP: 120/136 MP: 13/13
 16379 | D:12     | Found a staircase to the Orcish Mines.
 16407 | D:12     | Reached skill level 16 in Long Blades
 16588 | D:12     | Noticed Frances
 16608 | D:12     | Killed Frances
 17053 | D:12     | You fall into a shaft and drop 2 floors!
 17818 | D:13     | Found a gate to the Vaults.
 17818 | D:13     | Noticed an ironbound preserver
 17837 | D:13     | Killed an ironbound preserver
 17993 | D:13     | Reached skill level 15 in Armour
 18268 | D:13     | Found a runed translucent door.
 18751 | D:13     | Noticed a tentacled monstrosity
 18759 | D:13     | Killed a tentacled monstrosity
 18762 | D:13     | Identified the +5 falchion "Riqexzo" {flame, rC+ Str+3}
 19450 | D:12     | Found a runed translucent gate.
 19451 | D:12     | Found a runed translucent gate.
 19453 | D:12     | Noticed anacleto's ghost (journeyman TrGl)
 20292 | Swamp:1  | Entered Level 1 of the Swamp
 20923 | Lair:2   | HP: 2/207 [poison (poison gas)]
 20924 | Lair:2   | Reached skill level 17 in Long Blades
 20924 | Lair:2   | Succumbed to poison (poison gas)

Illustrated notes

Levels and vault maps discovered:
D:1:      kennysheep_arrival_forest, layout_loops_corners, serial_shops, shop,
          minmay_pentomino_w2
D:2:      layout_rooms, basic_altar, hangedman_decor_lopped
D:3:      layout_basic, uniq_terence, uniq_natasha
D:4:      layout_loops_ring, mainiacjoe_overflow_alcove_1, kennysheep_nub,
          kennysheep_boxes
D:5:      layout_cave_pools, temple_doors_e, minmay_pentangle
D:6:      layout_basic, nicolae_dithmenos_through_a_glass_darkly, serial_shops,
          nicolae_take_the_stairs
D:7:      layout_basic, chequers_temple_overflow_statue_of_worship,
          gammafunk_ghost_hive, grunt_ministairs_2,
          minmay_fractal_squares_gapless_5, uniq_duvessa, uniq_joseph
D:8:      layout_loops_ring, reono_crystal_passage
D:9:      layout_basic, serial_shops, shop, serial_nicolae_subway,
          nicolae_sub_station_metal, nicolae_sub_station_crystal,
          nicolae_sub_station_stone
D:10:     minmay_clustersquares, layout_rooms, uniq_grum, uniq_maggie,
          uniq_sonja
D:11:     layout_grid_maze, lair_entry_dummy, gammafunk_ghost_spectres
D:12:     layout_cave_pods, minmay_orc_entry_temple_large,
          gammafunk_ghost_necromancy, grunt_ministairs_13, nrook_pool_corridor,
          uniq_frances
D:13:     cheibrodos_body_horror, layout_cave_pods,
          skrybe_vaults_entry_preservation, grunt_ministairs_6
D:14:     layout_roguey, nicolae_lava_and_water, minmay_misc_feat_doors
Temple:   eino_narrow_crystal_temple
Lair:1:   layout_regular_city, st_stairs_3, chequers_serial_rivers_micro_e,
          serial_bayou_lake_a, uniq_fannar, uniq_urug
Lair:2:   layout_gridlike, nicolae_swamp_entry_splash_gauntlet, serial_bayou,
          serial_bayou_crossing, serial_bayou_lagoon_a, serial_bayou_shore_a,
          serial_bayou_pond_b, serial_bayou_pond_e, minivault_25
Lair:3:   layout_regular_city, dummy_spider_entry
Lair:4:   mu_elephants_graveyard, layout_gridlike, slime_entry_1
Swamp:1:  layout_basic_swamp, gammafunk_ghost_berserking_beasts,
          nicolae_swamp_fairy_circle

Skill      XL: |  1  2  3  4  5  6  7  8  9 10 11 12 13 14 |
---------------+-------------------------------------------+-----
Armour         | 4 5 6 7 9 10 11 12 14 15 | 15.4
Dodging        | 1 2 3 4 5 6 7 8 |  8.0
Shields        | 4 5 6 7 8 10 12 | 12.3
Fighting       | 4 5 6 7 8 10 11 14 15 16 | 16.7
Long Blades    | 4 7 10 13 14 15 17 | 17.0
Maces & Flails | |  2.4

Action                     |  1- 3 |  4- 6 |  7- 9 | 10-12 | 13-15 || total
---------------------------+-------+-------+-------+-------+-------++-------
  Melee: Flail             |    64 |   123 |    76 |       |       ||   263
         Headbutt          |     7 |    19 |    40 |   151 |   233 ||   450
         Long sword        |       |       |   104 |   655 |   647 ||  1406
         Falchion          |       |       |       |       |   125 ||   125
   Fire: Sling             |    49 |    59 |    52 |       |       ||   160
  Throw: Dart              |       |       |       |     2 |     4 ||     6
         Throwing net      |       |       |       |       |     1 ||     1
 Invoke: Sacrifice Words   |       |       |     1 |       |       ||     1
         Sacrifice Love    |       |       |       |     1 |       ||     1
         Draw Out Power    |       |       |       |     2 |     1 ||     3
         Power Leap        |       |       |       |     1 |     1 ||     2
         Sacrifice Arcana  |       |       |       |     1 |       ||     1
         Reject Sacrifices |       |       |       |     1 |     1 ||     2
    Use: Scroll            |       |       |     6 |     7 |     5 ||    18
         Potion            |       |       |     2 |       |     5 ||     7
   Stab: Invisible         |       |       |       |     1 |     4 ||     5
         Distracted        |       |       |       |       |     3 ||     3
 Armour: Scale mail        |    32 |    78 |    34 |       |       ||   144
         Chain mail        |       |       |    46 |   124 |   304 ||   474
         Plate armour      |       |       |       |   119 |       ||   119
  Dodge: Dodged            |    34 |    57 |    90 |   170 |   254 ||   605
  Block: Buckler           |    17 |    33 |   103 |   222 |   344 ||   719
         Reflection        |       |       |    12 |    10 |     5 ||    27
